 Dungeon Crawl Stone Soup version 0.29-a0-664-gff9cad4a3d (webtiles) character file.

Game seed: 13751086054355099478

75 ptdevnull the Digger (level 3, -1/26 HPs)
             Began as a Demigod Earth Elementalist on June 23, 2022.
             Slain by Crazy Yiuf
             ... wielding a +4 quarterstaff of chaos
              (12 damage)
             ... on level 3 of the Dungeon.
             The game lasted 00:06:18 (2752 turns).

ptdevnull the Digger (Demigod Earth Elementalist)   Turns: 2752, Time: 00:06:19

Health: -1/26      AC:  2    Str:  9    XL:     3   Next: 88%
Magic:  5/9        EV: 12    Int: 21    God:
Gold:   176        SH:  0    Dex: 14    Spells: 1/7 levels left

rFire   . . .      SeeInvis .   v - +0 spear
rCold   . . .      Faith    .   (no shield)
rNeg    . . .      Spirit   .   a - +0 robe
rPois   .          Reflect  .   (no helmet)
rElec   .          Harm     .   (no cloak)
rCorr   .          Rampage  .   (no gloves)
Will    .....                   (no boots)
Stlth   ++........              (no amulet)
HPRegen 0.08/turn               (no ring)
MPRegen 0.11/turn               (no ring)

@: no status effects
A: high MP 1, forlorn, divine attributes
a: no special abilities


You were on level 3 of the Dungeon.
You visited 1 branch of the dungeon, and saw 3 of its levels.

You collected 176 gold pieces.

Inventory:

Hand Weapons
 v - a +0 spear (weapon)
Armour
 a - a +0 robe (worn)
Jewellery
 q - a ring of ice
Wands
 r - a wand of charming (5)
Scrolls
 d - a scroll of enchant armour {unknown}
 e - 2 scrolls of vulnerability
 n - a scroll of fear {unknown}
 p - a scroll of fog
 t - a scroll of torment
 u - a scroll of identify
 w - a scroll of teleportation {unknown}
Potions
 b - a potion of magic
 c - a potion of brilliance
 f - a potion of curing
 g - a potion of haste {unknown}
 h - a potion of lignification
 i - 2 potions of ambrosia
 j - a potion of mutation {unknown}
 k - a potion of resistance {unknown}
 l - a potion of might {unknown}
 m - a potion of degeneration {unknown}
 o - a potion of heal wounds {unknown}
 s - a potion of flight {unknown}


   Skills:
 - Level 1.9 Dodging
 - Level 2.0 Stealth
 + Level 2.8 Spellcasting
 - Level 1.1 Transmutations
 + Level 3.5 Earth Magic


You had one spell level left.
You knew the following spells:

 Your Spells              Type           Power      Damage    Failure   Level
a - Sandblast             Erth           34%        2d9       3%          1
b - Passwall              Tmut/Erth      10%        N/A       8%          2
c - Stone Arrow           Conj/Erth      20%        3d8       21%         3

Your spell library contained the following spells:

 Spells                   Type           Power      Damage    Failure   Level
 Beastly Appendage        Tmut           14%        N/A       9%          1
 Wereblood                Tmut           7%         N/A       13%         2
 Spider Form              Tmut/Pois      5%         N/A       32%         3
 Petrify                  Tmut/Erth      12%        N/A       45%         4


Dungeon Overview and Level Annotations

Branches:
Dungeon (3/15)

Annotations:
D:3 Crazy Yiuf


Innate Abilities, Weirdness & Mutations

You have an increased reservoir of magic. (+10% MP)
You shall have no god before yourself.
Your divine heritage dramatically boosts your attributes as you level up.


Message History

A hobgoblin comes into view.
A hobgoblin is nearby!
The blast of sand hits the hobgoblin!
You kill the hobgoblin!
You see here a hobgoblin corpse.
Found a spear.
A frilled lizard comes into view.
Found a scroll labelled QAGEUKK HIDWYE.
You see here a +0 spear.
v - a +0 spear You can't see any susceptible monsters within range! (Use Z to cast anyway.)
You can't see any susceptible monsters within range! (Use Z to cast anyway.)
The frilled lizard hisses angrily.
The blast of sand hits the frilled lizard!
You kill the frilled lizard!
w - a scroll labelled QAGEUKK HIDWYE
v - a +0 spear (weapon)
You open the door.
There is an open door here.
You open the door.
There is an open door here.
You open the door.
The blast of sand hits Crazy Yiuf but does no damage.
Crazy Yiuf shouts!
The blast of sand hits Crazy Yiuf but does no damage.
Crazy Yiuf closely misses you.
The blast of sand hits Crazy Yiuf.
Crazy Yiuf is moderately wounded.
Crazy Yiuf barely misses you. x2
The blast of sand hits Crazy Yiuf.
Crazy Yiuf is heavily wounded.
Crazy Yiuf barely misses you.
Crazy Yiuf hits you with a +4 quarterstaff of chaos.
You resist with some effort.
The blast of sand hits Crazy Yiuf but does no damage.
Crazy Yiuf is heavily wounded.
Crazy Yiuf hits you with a +4 quarterstaff of chaos.
Crazy Yiuf burns you.
Crazy Yiuf hits you with a +4 quarterstaff of chaos!
You die...

#....# #..# ##.)##
#... ♣....♣ #.##
♣...♣♣ #.## ♣♣.♣♣
#... ♣.♣♣ ##..#
♣♣.♣ ######...#
♣.♣♣ #<........
♣♣@♣ ###.####...#
#g# #....# ##..#
... ###.## #...
#...# ### #.##
#..)# ##'## #####
##...# ##.....
######### ##......
#.#.....####.......


You could see Crazy Yiuf.

Vanquished Creatures
  2 adders (D:2)
  A dart slug (D:1)
  4 orcs (D:3)
  6 endoplasms
  2 goblins
  6 hobgoblins
  4 jackals (D:1)
  3 quokkas
  4 ball pythons
  4 bats
  6 frilled lizards
  2 kobolds
  4 rats
48 creatures vanquished.

Vanquished Creatures (others)
  A plant (D:2)
1 creature vanquished.

Grand Total: 49 creatures vanquished

Notes
Turn   | Place    | Note
-------+----------+-------------------------------------------
     0 | D:1      | ptdevnull the Demigod Earth Elementalist began the quest
                  | for the Orb.
     0 | D:1      | Reached XP level 1. HP: 14/14 MP: 5/5
    47 | D:1      | Reached skill level 1 in Transmutations
   228 | D:1      | Reached XP level 2. HP: 20/20 MP: 4/7
   301 | D:1      | Learned a level 2 spell: Passwall
   478 | D:1      | Reached skill level 3 in Earth Magic
  1043 | D:2      | Reached XP level 3. HP: 26/26 MP: 6/9
  1782 | D:3      | Learned a level 1 spell: Beastly Appendage
  1792 | D:3      | Learned a level 3 spell: Stone Arrow
  2096 | D:3      | Found a runed translucent door.
  2097 | D:3      | Noticed Crazy Yiuf
  2403 | D:3      | Noticed a +0 hand axe
  2403 | D:3      | Noticed a +0 hand axe
  2752 | D:3      | Slain by Crazy Yiuf

Illustrated notes

Levels and vault maps discovered:
D:1:      lordsloth_arrival_two_stooges, layout_rooms,
          shapermc_ecumenical_altar_notcrosses, minmay_statues_item,
          grunt_decor_mini_mirrors
D:2:      cheibrodos_old_hovel, layout_loops_ring, basic_altar,
          dk_noncrumbling_3, st_stairs_2
D:3:      layout_loops_corners, evilmike_ruin_ashenzari,
          dancing_weapons_uskayaw, mainiacjoe_overflow_brackets,
          uniq_crazy_yiuf_cottage

Skill      XL: |  1  2 |
---------------+-------+-----
Transmutations | 1 |  1.1
Stealth        | 2 |  2.0
Spellcasting   | 2 |  2.8
Earth Magic    | 3 |  3.5
Dodging        | |  1.9

Action                   || total
-------------------------++-------
Melee: Unarmed           ||     5
 Cast: Sandblast         ||    78
  Use: Potion            ||     2
       Scroll            ||     9
Armor: Skin              ||    16
       Robe              ||     6
Dodge: Dodged            ||    39

Table legend: (Time is in decaauts)
 A = Elapsed time spent in this place.
 B = Non-inter-level travel time spent in this place.
 C = Inter-level travel time spent in this place.
 D = Time resting spent in this place.
 E = Time spent auto-exploring this place.
 F = Levels seen in this place.
 G = Mean time per level.
                   A        B        C        D        E       F      G
               +--------+--------+--------+--------+--------+-----+--------+
         Total |   2832 |   2792 |     40 |    150 |   2264 |   3 |  944.0 |
       Dungeon |   2832 |   2792 |     40 |    150 |   2264 |   3 |  944.0 |
               +--------+--------+--------+--------+--------+-----+--------+

Top non-repeatable levels by time:
     D:3: 994 daAuts
     D:2: 945 daAuts
     D:1: 892 daAuts
